 Dungeon Crawl Stone Soup version 0.28.0-47-ge53b351184 (webtiles) character file.

Game seed: 13190780560676883686

80 Kenran the Scratcher (level 4, -5/19 HPs)
             Began as a Felid Transmuter on Apr 29, 2022.
             Slain by Sigmund
             ... wielding a +0 scythe
              (14 damage)
             ... on level 3 of the Dungeon.
             The game lasted 00:05:52 (3324 turns).

Kenran the Scratcher (Felid Transmuter)             Turns: 3324, Time: 00:05:53

Health: -5/19      AC:  2    Str:  6    XL:     4   Next: 18%
Magic:  5/8        EV: 21    Int: 16    God:
Gold:   64         SH:  0    Dex: 21    Spells: 3/7 levels left
                                        Lives:  0   Deaths: 1

rFire   . . .      SeeInvis +     - Unarmed
rCold   . . .      Faith    .   (shield unavailable)
rNeg    . . .      Spirit   .   (armour unavailable)
rPois   x          Reflect  .   (helmet unavailable)
rElec   .          Harm     .   (cloak unavailable)
rCorr   .          Rampage  .   (gloves unavailable)
Will    .....                   (boots unavailable)
Stlth   +++.......              (no amulet)
HPRegen 0.06/turn               (no ring)
MPRegen 0.11/turn               (no ring)

@: spider-form
A: venomous fangs, tiny, (claws 1), (fangs 3), see invisible, (speed 1), (shaggy
fur 1), (stealthy paws), no weapons or thrown items, no armour, multi-lived
a: End Transformation


You were on level 3 of the Dungeon.
You were a venomous arachnid creature.
You visited 1 branch of the dungeon, and saw 3 of its levels.

You collected 64 gold pieces.

Inventory:

Scrolls
 a - a scroll of identify {unknown}
 b - 4 scrolls of enchant weapon {unknown}
 c - a scroll of fog {unknown}
 e - a scroll of noise {unknown}
 f - a scroll of brand weapon {unknown}
Potions
 d - a potion of might


   Skills:
 - Level 2.0 Fighting
 - Level 3.0 Dodging
 - Level 3.0 Stealth
 + Level 3.5 Unarmed Combat
 - Level 2.0 Spellcasting
 + Level 2.9 Transmutations
 - Level 2.0 Poison Magic


You had 3 spell levels left.
You knew the following spells:

 Your Spells              Type           Power      Damage    Failure   Level
a - Beastly Appendage     Tmut           22%        N/A       17%         1
b - Spider Form           Tmut/Pois      9%         N/A       43%         3

Your spell library contained the following spells:

 Spells                   Type           Power      Damage    Failure   Level
 Wereblood                Tmut           11%        N/A       24%         2
 Corpse Rot               Necr/Air       2%         N/A       52%         2
 Static Discharge         Conj/Air       1%         N/A       52%         2
 Ice Form                 Ice/Tmut       6%         N/A       89%         4
 Dispel Undead            Necr           1%         3d6       97%         4
 Lightning Bolt           Conj/Air       0%         1d11      100%        5
 Death Channel            Necr           0%         N/A       100%        6
 Maxwell's Capacitive Co  Air            0%         ∞         100%        8


Dungeon Overview and Level Annotations

Branches:
Dungeon (3/15)

Altars:
Gozag
Nemelex Xobeh

Shops:
D:1 [

Annotations:
D:1 exclusion: downstairs
D:3 Sigmund


Innate Abilities, Weirdness & Mutations

You are a venomous arachnid creature.
You have poisonous fangs.
You are tiny and dextrous.
Your spellcasting is less reliable in this form.
((You have sharp claws.))
((You have razor-sharp teeth.))
You have supernaturally acute eyesight. (SInv)
((You cover ground quickly. (Speed+)))
((You are covered in fur. (AC +1)))
((Your paws help you pounce on unaware monsters.))
You are incapable of wielding weapons or throwing items.
You cannot wear armour.
You gain extra lives every three experience levels.


Message History

Sigmund the Dreaded comes into view.
He is wielding a +0 scythe.
The hobgoblin hits you.
You closely miss the hobgoblin.
You claw the hobgoblin, but do no damage.
Sigmund says, "Don't worry, I'll kill you fast."
You closely miss the hobgoblin. The hobgoblin barely misses you.
Casting: Beastly Appendage (safe; 6% risk of failure)
Confirm with . or Enter, or press ? or * to list all spells.
The spell is potentially lethal to miscast (22% risk of failure)!
Continue anyway?
You turn into a venomous arachnid creature.
The hobgoblin completely misses you. The hobgoblin closely misses you.
Sigmund completely misses you.
Unknown command.
Unknown command.
You closely miss Sigmund. The hobgoblin misses you. Sigmund misses you.
Unknown command.
Unknown command.
Unknown command.
Unknown command.
Unknown command.
You hit Sigmund.
Sigmund is poisoned.
Sigmund is lightly wounded.
The hobgoblin hits you.
Unknown command.
Unknown command.
You hit Sigmund.
Sigmund looks as sick as possible!
Sigmund is lightly wounded.
The hobgoblin hits you. Sigmund barely misses you.
Unknown command.
Unknown command.
You barely miss Sigmund.
Sigmund is lightly wounded.
The hobgoblin closely misses you.
Unknown command.
Unknown command.
You bite Sigmund!
Sigmund looks as sick as possible!
Sigmund is heavily wounded.
Sigmund hits you with a +0 scythe!
Ouch! That really hurt!
You die...

##....##..# .........#.#.#.##.#
##......... .............#.##.#
........... ......#..#.#.#.##.##
##....##..# #.#...##>...........
......##..# #........#.#.#.....#
.#....##..# #........ .........'
##........# #.#...##.###.#.....#
##.#..##..####.g................#
......##....†...s@.##.###.#######
####....................#.
...#..###.####.##.......#
......###.# #.# .......
##.##.....# #.. .......
##.######.#####.......##
...................##.#
##.######.#######..# .# #.# #.#


You could see Sigmund (extremely poisoned) and a hobgoblin.

Vanquished Creatures
  Jessica (D:2)
  6 adders
  2 worms
  2 dart slugs
  An orc (D:3)
  An endoplasm (D:2)
  4 giant cockroaches
  3 goblins
  3 hobgoblins
  4 quokkas
  A ball python (D:2)
  4 frilled lizards
  4 kobolds
  4 rats
40 creatures vanquished.

Notes
Turn   | Place    | Note
-------+----------+-------------------------------------------
     0 | D:1      | Kenran the Felid Transmuter began the quest for the Orb.
     0 | D:1      | Reached XP level 1. HP: 9/9 MP: 4/4
   136 | D:1      | Reached skill level 1 in Stealth
   199 | D:1      | Found Pojoith's Armour Shop.
   705 | D:1      | Reached XP level 2. HP: 12/12 MP: 6/6
  1310 | D:2      | Found a sparkling altar of Nemelex Xobeh.
  1409 | D:2      | Identified the +9 quarterstaff of Barnacled Conscience
                  | {vorpal, rC+}
  1773 | D:2      | Reached XP level 3. HP: 15/16 MP: 5/7
  1777 | D:2      | Learned a level 3 spell: Spider Form
  2095 | D:2      | Reached skill level 1 in Poison Magic
  2211 | D:2      | Noticed Jessica
  2217 | D:2      | Killed Jessica
  2218 | D:2      | Reached XP level 4. HP: 19/19 MP: 8/8
  2556 | D:2      | Succumbed to an adder's poison
  2557 | D:2      | Reached XP level 3. HP: 0/16 MP: 7/7
  2756 | D:3      | Found an opulent altar of Gozag.
  2786 | D:3      | Reached XP level 4. HP: 12/19 MP: 8/8
  3314 | D:3      | Noticed Sigmund
  3324 | D:3      | Slain by Sigmund

Illustrated notes

Levels and vault maps discovered:
D:1:      minmay_arrival_semitransparent, layout_loops_corners, serial_shops,
          nicolae_shop_waterfront, st_stairs_7
D:2:      layout_rooms, basic_altar, uniq_jessica
D:3:      layout_basic, nicolae_gozag_cash_rules_everything_around_me,
          minmay_misc_feat_square, uniq_sigmund

Skill      XL: |  1  2  3 |
---------------+----------+-----
Stealth        | 2 3 |  3.0
Dodging        | 3 |  3.0
Fighting       | 2 |  2.0
Poison Magic   | 2 |  2.0
Unarmed Combat | |  3.5
Spellcasting   | |  2.0
Transmutations | |  2.9

Action                   |  1- 3 |  4- 6 || total
-------------------------+-------+-------++-------
Melee: Unarmed           |    89 |    53 ||   142
       Headbutt          |    11 |     2 ||    13
       Punch             |     3 |     1 ||     4
       Bite              |     5 |     1 ||     6
 Cast: Beastly Appendage |    13 |     4 ||    17
       Spider Form       |       |     1 ||     1
  Use: Potion            |     2 |     1 ||     3
 Stab: Sleeping          |     4 |     3 ||     7
Armor: Skin              |     3 |     3 ||     6
Dodge: Dodged            |    54 |    43 ||    97
